 Dungeon Crawl Stone Soup version 0.26-a0-542-gbaa144ba5c (webtiles) character file.

Game seed: 17118118889431840183

3110 Aksej the Slicer (level 9, -11/65 HPs)
             Began as a Demonspawn Gladiator on Aug 17, 2020.
             Was a Follower of Wu Jian.
             Mangled by a large slime creature (34 damage)
             ... on level 7 of the Dungeon.
             The game lasted 00:23:20 (7372 turns).

Aksej the Slicer (Demonspawn Gladiator)             Turns: 7372, Time: 00:23:21

Health: -11/65     AC: 10    Str: 14    XL:     9   Next: 60%
Magic:  9/9        EV: 14    Int:  5    God:    Wu Jian [*.....]
Gold:   465        SH:  7    Dex: 31    Spells: 8/8 levels left

rFire    + + .     SeeInvis +   a - +5 short sword (freeze)
rCold    + . .     Faith    .   g - +0 buckler
rNeg     . . .     Spirit   .   r - +1 ring mail the Powerful Chupacabra {rF+ Int-4 Dex+4 SInv}
rPois    +         Reflect  .   q - +1 helmet
rElec    .         Harm     .   d - scarf {rC+ rF+}
rCorr    .                      (no gloves)
MR       .....                  p - +0 pair of boots
Stlth    ++++......             (no amulet)
HPRegen  0.20/turn              f - +6 ring of dexterity
MPRegen  0.11/turn              o - ring of poison resistance

@: hasted, very quick
A: hooves 1, thin skeletal structure 1, spiny 2, rot immunity
a: Renounce Religion


You were on level 7 of the Dungeon.
You worshipped Wu Jian.
Wu Jian was aware of your devotion.
You visited 2 branches of the dungeon, and saw 8 of its levels.

You collected 465 gold pieces.

Inventory:

Hand Weapons
 a - a +5 short sword of freezing (weapon)
 b - a +0 rapier
Armour
 d - a scarf of resistance (worn)
 g - a +0 buckler (worn)
 p - a +0 pair of boots (worn)
 q - a +1 helmet (worn)
 r - the +1 ring mail the Powerful Chupacabra (worn) {rF+ Int-4 Dex+4 SInv}
   (You took it off an orc on level 4 of the Dungeon)

   It affects your intelligence (-4).
   It affects your dexterity (+4).
   It protects you from fire.
   It lets you see invisible.
Jewellery
 f - a +6 ring of dexterity (left hand)
 m - an uncursed amulet of magic regeneration
 o - a ring of poison resistance (right hand)
 x - an uncursed ring of magical power
Wands
 v - a wand of random effects (11)
 w - a wand of flame (23)
 A - a wand of polymorph (11)
Scrolls
 e - 4 scrolls of fog
 i - 3 scrolls of remove curse
 j - 2 scrolls of blinking
 k - a scroll of magic mapping
 l - 5 scrolls of teleportation
 n - a scroll of amnesia
 y - a scroll of enchant weapon
Potions
 c - a potion of ambrosia
 h - 2 potions of curing
 s - a potion of stabbing
 u - a potion of magic
 z - 2 potions of heal wounds


   Skills:
 + Level 4.3 Fighting
 * Level 9.1 Short Blades
 + Level 1.9 Throwing
 + Level 3.8 Armour
 + Level 4.1 Dodging
 * Level 5.8 Stealth
 + Level 2.3 Shields


You had 8 spell levels left.
You didn't know any spells.
Your spell library contained the following spells:

 Spells                   Type           Power        Failure   Level
 Confusing Touch          Hex            #.......     98%         3
 Gell's Gravitas          Tloc           #.........   98%         3
 Petrify                  Tmut/Erth      #.......     100%        4
 Metabolic Englaciation   Hex/Ice        #.........   100%        5
 Yara's Violent Unravell  Hex/Tmut       #.........   100%        5


Dungeon Overview and Level Annotations

Branches:
Dungeon (7/15)             Temple (1/1) D:6

Altars:
Elyvilon
Fedhas
Gozag
Makhleb
Okawaru
Qazlal
Ru
Sif Muna
Trog
Uskayaw
Wu Jian
The Shining One
Lugonu

Shops:
D:2 *

Annotations:
D:3 2 transporters


Innate Abilities, Weirdness & Mutations

You have a somewhat thin skeletal structure. (Dex +2, Stealth)
You are mostly covered in sharp spines.
You are immune to rotting.
You have large cloven feet.


Message History

The large slime creature is heavily wounded.
You hit the large slime creature. You freeze the large slime creature.
The large slime creature is heavily wounded.
You puncture the large slime creature! You freeze the large slime creature.
The large slime creature is heavily wounded.
The large slime creature is struck by your spines.
The large slime creature closely misses you.
You puncture the large slime creature! You freeze the large slime creature.
The large slime creature is severely wounded.
You hit the large slime creature. You freeze the large slime creature.
The large slime creature is severely wounded.
The large slime creature is struck by your spines.
The large slime creature hits you!!
You puncture the large slime creature! You freeze the large slime creature.
The large slime creature is almost dead.
You puncture the large slime creature! You freeze the large slime creature.
The large slime creature is almost dead.
The large slime creature hits you!!
Ouch! That really hurt!
You die...

#### ###########.......###..
[P÷......###........#+#
.P.P..JP.##...##....+ + ###
.JJ÷..J..####.#####.#+# ..# #####
J.JPJ..÷.####.......... ≈.###...#
JP.P.....##......##.... ≈.#)....#
.J÷.÷P.JJ##.......†<... ≈.......#
#######J# #......####..
≈....#..###.....@## #......# ##
≈...##..##.######## #......#
≈..###..###..'....# #......#
≈...##..######....# #......######
..#..#...##.......##...#####....<
..##.....##.......##...# .....
.####....##...)...##...# .....
......#####..)....##...# >....
..##### ##.....###...### .....


You could see a large slime creature, a jelly and an ooze.

Vanquished Creatures
  Pikel (D:7)
  Duvessa (D:5)
  2 orc warriors
  A sky beast (D:6)
  2 phantoms
  6 ogres
  2 lemures (D:7)
  A centaur (D:7)
  2 big kobolds (D:7)
  5 bullfrogs
  Dowan (D:5)
  A wyvern skeleton (D:6)
  3 wights (D:7)
  3 orc priests
  A bullfrog zombie (D:7)
  A hound (D:6)
  3 orc wizards (D:7)
  A jelly (D:6)
  A centaur skeleton (D:5)
  An iguana (D:7)
  2 bullfrog skeletons
  5 worker ants
  A killer bee zombie (D:6)
  A hound skeleton (D:4)
  Robin (D:4)
  11 adders
  A shadow imp (D:6)
  A white imp (D:6)
  2 oozes
  An adder skeleton (D:7)
  3 worms
  2 dart slugs
  4 leopard geckos
  21 orcs
  3 giant cockroaches
  15 goblins
  12 hobgoblins
  11 jackals
  4 quokkas
  3 bats
  4 frilled lizards
  A jackal zombie (D:5)
  16 kobolds
  A leopard gecko skeleton (D:2)
  2 quokka skeletons (D:4)
  10 rats
177 creatures vanquished.

Vanquished Creatures (others)
  7 toadstools (D:7)
7 creatures vanquished.

Grand Total: 184 creatures vanquished

Notes
Turn   | Place    | Note
-------+----------+-------------------------------------------
     0 | D:1      | Aksej the Demonspawn Gladiator began the quest for the Orb.
     0 | D:1      | Reached XP level 1. HP: 16/16 MP: 1/1
    80 | D:1      | Reached skill level 3 in Short Blades
    80 | D:1      | Gained mutation: You are immune to rotting. [demonic
                  | ancestry]
    80 | D:1      | Reached XP level 2. HP: 15/22 MP: 2/2
   498 | D:1      | Reached skill level 1 in Stealth
  1038 | D:1      | Reached XP level 3. HP: 27/27 MP: 3/3
  1040 | D:1      | Gained mutation: You are dopey. (Int -2) [potion of
                  | mutation]
  1040 | D:1      | Lost mutation: You are dopey. (Int -2) [potion of mutation]
  1040 | D:1      | Gained mutation: You have large cloven feet. [potion of
                  | mutation]
  1444 | D:2      | Found a blossoming altar of Fedhas.
  1476 | D:2      | Found a sacrificial altar of Ru.
  1628 | D:2      | Found an opulent altar of Gozag.
  1628 | D:2      | Found Gozag's Platinum Reserve.
  1866 | D:3      | Reached XP level 4. HP: 33/33 MP: 4/4
  2110 | D:3      | Found a transporter.
  2114 | D:3      | Found a transporter.
  2114 | D:3      | Noticed an ice beast
  2119 | D:3      | Noticed an orc warrior
  2120 | D:3      | Found a hide-covered altar of Uskayaw.
  2148 | D:3      | Reached skill level 4 in Short Blades
  2687 | D:4      | Noticed an ogre
  2687 | D:4      | Noticed an ogre
  2724 | D:4      | Noticed Robin
  2748 | D:4      | Gained mutation: You are partially covered in sharp spines.
                  | [demonic ancestry]
  2748 | D:4      | Reached XP level 5. HP: 36/38 MP: 5/5
  2778 | D:4      | Reached skill level 1 in Armour
  2845 | D:4      | Noticed an ogre
  2856 | D:4      | Killed an ogre
  2856 | D:4      | Reached XP level 6. HP: 31/46 MP: 6/6
  2863 | D:4      | Killed Robin
  2866 | D:4      | Reached skill level 1 in Shields
  2937 | D:4      | Reached skill level 5 in Short Blades
  2952 | D:4      | HP: 2/46 [poisoned by an adder]
  2961 | D:4      | HP: 2/46 [jackal (1)]
  3335 | D:4      | Found an iron altar of Okawaru.
  3373 | D:4      | Found a stormy altar of Qazlal.
  3375 | D:4      | Noticed a fire elemental
  3376 | D:4      | Noticed a water elemental
  3376 | D:4      | Noticed an air elemental
  3399 | D:4      | Reached XP level 7. HP: 51/51 MP: 7/7
  3686 | D:4      | HP: 2/51 [phantom (2)]
  4243 | D:4      | Reached skill level 6 in Short Blades
  4318 | D:4      | Identified the +1 ring mail the Powerful Chupacabra {rF+
                  | Int-4 Dex+4 SInv}
  4466 | D:5      | Entered Level 5 of the Dungeon
  5031 | D:5      | Noticed Duvessa
  5032 | D:5      | Noticed Dowan
  5042 | D:5      | Killed Duvessa
  5042 | D:5      | Gained mutation: You are mostly covered in sharp spines.
                  | [demonic ancestry]
  5042 | D:5      | Reached XP level 8. HP: 43/58 MP: 8/8
  5047 | D:5      | Killed Dowan
  5158 | D:5      | Found a white marble altar of Elyvilon.
  5428 | D:6      | Found a staircase to the Ecumenical Temple.
  5438 | Temple   | Entered the Ecumenical Temple
  5502 | Temple   | Became a worshipper of the Wu Jian Council
  5681 | D:6      | Reached skill level 7 in Short Blades
  6470 | D:7      | Reached * piety under Wu Jian
  6470 | D:7      | Reached skill level 8 in Short Blades
  6470 | D:7      | Reached skill level 5 in Stealth
  6483 | D:7      | Found a bloodstained altar of Trog.
  6516 | D:7      | Gained mutation: You have a somewhat thin skeletal
                  | structure. (Dex +2, Stealth) [demonic ancestry]
  6516 | D:7      | Reached XP level 9. HP: 62/65 MP: 9/9
  6757 | D:7      | Noticed Pikel
  6811 | D:7      | Killed Pikel
  7056 | D:7      | Reached skill level 9 in Short Blades
  7372 | D:7      | Mangled by a large slime creature

Illustrated notes

Levels and vault maps discovered:
D:1:      dpeg_arrival_signposts, layout_basic
D:2:      layout_basic, nicolae_gozag_zags_fifth_avenue,
          grunt_temple_overflow_open, serial_glass, glass_columns_c,
          glass_columns_b, glass_columns_b, glass_columns_a, glass_columns_a,
          glass_columns_b
D:3:      layout_loops_ring, gammafunk_temple_overflow_arena
D:4:      layout_cave_pools, nicolae_qazlal_style_of_elements,
          okawaru_metal_pillars_1_2, minmay_fractal_squares_diagonal_5,
          uniq_robin
D:5:      layout_basic, elyvilon_altar_4, uniq_duvessa
D:6:      layout_loops_ring, minmay_temple_entry_glassed_door
D:7:      cheibrodos_fertilizer, layout_rooms, kennysheep_mini_moat,
          enter_bailey_4, serial_shops, nicolae_shop_behind_doors, uniq_pikel
Temple:   kb_corrupted_temple

Skill      XL: |  1  2  3  4  5  6  7  8  9 |
---------------+----------------------------+-----
Short Blades   | 3 4 5 6 8 9 |  9.1
Stealth        | 1 2 3 5 |  5.8
Dodging        | 3 4 |  4.1
Armour         | 1 2 3 |  3.8
Shields        | 1 2 |  2.3
Fighting       | 3 4 |  4.3
Throwing       | |  1.9

Action                   |  1- 3 |  4- 6 |  7- 9 || total
-------------------------+-------+-------+-------++-------
Melee: Rapier            |   124 |   123 |    82 ||   329
       Kick              |    21 |    11 |       ||    32
       Short sword       |       |       |   228 ||   228
Throw: Throwing net      |     5 |       |       ||     5
Invok: Lunge             |       |       |    25 ||    25
       Whirlwind         |       |       |     1 ||     1
  Use: Scroll            |     8 |     3 |     7 ||    18
       Potion            |     4 |     3 |     4 ||    11
 Stab: Sleeping          |     3 |     4 |     8 ||    15
       Distracted        |       |     1 |     3 ||     4
Armor: Leather armour    |    28 |    23 |     5 ||    56
       Ring mail         |       |       |    38 ||    38
Dodge: Dodged            |    70 |    52 |    74 ||   196
Block: Buckler           |     7 |    17 |    53 ||    77

Table legend: (Time is in decaauts)
 A = Elapsed time spent in this place.
 B = Non-inter-level travel time spent in this place.
 C = Inter-level travel time spent in this place.
 D = Time resting spent in this place.
 E = Time spent auto-exploring this place.
 F = Levels seen in this place.
 G = Mean time per level.
                   A        B        C        D        E       F      G
               +--------+--------+--------+--------+--------+-----+--------+
         Total |   7301 |   7143 |    158 |   1202 |   4535 |   8 |  912.6 |
       Dungeon |   7217 |   7078 |    139 |   1202 |   4492 |   7 | 1031.0 |
        Temple |     84 |     65 |     19 |      0 |     43 |   1 |   84.0 |
               +--------+--------+--------+--------+--------+-----+--------+

Top non-repeatable levels by time:
     D:4: 1638 daAuts
     D:1: 1052 daAuts
     D:3: 1005 daAuts
     D:6: 976 daAuts
     D:7: 920 daAuts
     D:5: 858 daAuts
     D:2: 766 daAuts
  Temple: 84 daAuts
